 Dungeon Crawl Stone Soup version 0.20.1-1-g8b1a95d (webtiles) character file.

2398 ANON1729 the Gouger (level 9, -15/42 HPs)
             Began as a Felid Fighter on Aug 23, 2017.
             Demolished by a spiny frog (23 damage)
             ... on level 1 of the Lair of Beasts.
             The game lasted 00:41:34 (11818 turns).

ANON1729 the Gouger (Felid Fighter)                Turns: 11818, Time: 00:41:35

Health: -15/42     AC:  4    Str: 15    XL:     9   Next: 23%
Magic:  11/11      EV: 27    Int:  9    God:
Gold:   382        SH:  0    Dex: 19    Spells: 8/8 levels left
                                        Lives:  0   Deaths: 2

rFire    + . .     SeeInvis +     - Unarmed
rCold    . . .     Gourm    .   (shield unavailable)
rNeg     . . .     Faith    .   (armour unavailable)
rPois    .         Spirit   .   (helmet unavailable)
rElec    .         Reflect  .   (cloak unavailable)
rCorr    .         Harm     .   (gloves unavailable)
MR       ++...                  (boots unavailable)
Stlth    +++++.....             r - amulet of regeneration
Regen    0.6/turn               i - ring of protection from fire
MPRegen  0.2/turn               x - ring of protection from magic

@: lethally poisoned (-15 -> -16), quick
A: no armour, no weapons or thrown items, stealth, claws 1, fangs 3, yellow
scales 1, see invisible, carnivore 3, speed 1, high mp 1, shaggy fur 2, slow
metabolism 1, strong 1, sharp paws
a: no special abilities


You were on level 1 of the Lair of Beasts.
You were full.

You visited 3 branches of the dungeon, and saw 10 of its levels.
You also visited: Labyrinth and Ossuary.

You collected 382 gold pieces.

Inventory:

Jewellery
 i - a ring of protection from fire (left paw)
 j - a +6 ring of intelligence
 r - an amulet of regeneration (around neck)
 t - an uncursed ring of positive energy
 u - an uncursed ring of fire
 v - an uncursed ring of magical power
 x - a ring of protection from magic (right paw)
Wands
 a - a wand of paralysis (18/24)
 e - a wand of enslavement (7/24)
 k - a wand of paralysis (6/24)
 w - a wand of acid (0/15)
 B - a wand of polymorph (8/24)
 C - a wand of iceblast (12/15)
 E - a wand of random effects (39/48)
 I - a wand of random effects (19/48)
 J - a wand of lightning (2/15)
 N - a wand of polymorph (10/24)
 Q - a wand of paralysis (15/24)
Scrolls
 f - 2 scrolls of blinking
 l - 2 scrolls of amnesia {unknown}
 s - 8 scrolls of remove curse
 y - 2 scrolls of magic mapping
 D - a scroll of holy word {unknown}
 G - a scroll of torment {unknown}
 O - a scroll of random uselessness {unknown}
 R - a scroll of fog {unknown}
Potions
 c - 2 potions of mutation
 d - 6 potions of brilliance
 g - a potion of agility {unknown}
 h - a potion of degeneration {unknown}
 m - 6 potions of curing
 n - 2 potions of haste {unknown}
 p - 6 potions of heal wounds {unknown}
 q - 3 potions of flight {unknown}
 z - a potion of cancellation {unknown}
 A - a potion of resistance {unknown}
 F - a potion of ambrosia {unknown}
 H - 2 potions of invisibility {unknown}
 K - 2 potions of lignification {unknown}
Comestibles
 b - 6 meat rations
 o - 2 royal jellies


   Skills:
 + Level 6.9 Fighting
 + Level 10.4 Dodging
 + Level 10.0 Stealth
 + Level 11.4 Unarmed Combat
 - Level 1.0 Evocations


You had 8 spell levels left.
You didn't know any spells.

Dungeon Overview and Level Annotations

Branches:
Dungeon (8/15)             Temple (1/1) D:7            Lair (1/6) D:8

Altars:
Ashenzari
Cheibriados
Dithmenos
Elyvilon
Fedhas
Gozag
Hepliaklqana
Kikubaaqudgha
Makhleb
Nemelex Xobeh
Okawaru
Qazlal
Ru
Sif Muna
Trog
Uskayaw
Vehumet
Xom
Yredelemnul
Zin
The Shining One

Shops:
D:7 (


Innate Abilities, Weirdness & Mutations

You cannot wear armour.
You are incapable of wielding weapons or throwing items.
Your paws allow you to move quietly. (Stealth)
You have sharp claws.
You have razor-sharp teeth.
You have supernaturally acute eyesight. (SInv)
You are carnivorous and can eat meat at any time.
You cover ground quickly.
You are covered in thick fur. (AC +2)
You have a slow metabolism.
Your sharp claws are effective at attacking unaware monsters.
You are partially covered in yellow scales. (AC +2)
You have an increased reservoir of magic. (+10% MP)
Your muscles are strong. (Str +2)


Message History

You feel sick. The spiny frog closely misses you.
You barely miss the spiny frog. You bite the spiny frog.
The spiny frog is heavily wounded.
You feel sick. The spiny frog stings you!
A yak comes into view.
You closely miss the spiny frog.
The spiny frog is heavily wounded.
The yak moves out of view.
The spiny frog completely misses you.
A catoblepas comes into view.
The catoblepas bellows!
You scratch the spiny frog.
The spiny frog is severely wounded.
You feel sick. The spiny frog stings you!
* * * LOW HITPOINT WARNING * * *
A yak comes into view.
You closely miss the spiny frog. You claw the spiny frog!
The spiny frog is severely wounded.
The spiny frog stings you!!
Ouch! That really hurt!
You die...

*### ##..####** ###......#.**
*** ###..........,**** *,**
#......Y.....,,,,* *,,**
#........Y.?.,,,,** *,,,*
###......Y...,,,,,*
*,,,****#####.@F......[..,,,,,*
*,*,*.#.#.....P##........,,,,**
*,,,,......##.#####......,,,,,*
*,#.*.#.#.#..#### *##....,,,,,*
**,..............###
**#..,,,,,*
*,##.#>#.#........P###
**#,,,,,*
**#..................## **,,,,,
##.#.#.#............## *,,****
#....................#**,,*


You could see a catoblepas, 2 yaks and a spiny frog.

Vanquished Creatures
  A minotaur (Lab)
  The ghost of FollowTheCloud the Chopper, a novice MiGl of Okawaru (D:5)
  3 spiny frogs (Lair:1)
  A hippogriff (Lair:1)
  Sigmund (D:2)
  A redback (Lab)
  A hungry ghost (D:7)
  The ghost of letownia the Insei, an amateur OpTm (Ossuary)
  A vampire mosquito (D:8)
  2 porcupines (Lair:1)
  A water moccasin (Lair:1)
  An orc warrior (D:7)
  A black bear (D:8)
  The ghost of LarsimusPrime the Covered, an amateur MiFi (D:3)
  6 ogres
  2 centaurs
  A crocodile (Lair:1)
  3 bullfrogs
  Blork the orc (D:6)
  A wyvern zombie (Ossuary)
  A water moccasin zombie (Ossuary)
  A scorpion (D:7)
  8 wights
  2 howler monkeys (D:4)
  2 crimson imps
  A centaur zombie (Ossuary)
  3 hounds (D:8)
  3 jellies
  An orc priest (D:4)
  6 orc wizards
  Terence (D:2)
  An iguana (D:8)
  3 worker ants
  2 killer bee zombies (Ossuary)
  2 hound zombies (Ossuary)
  2 hound skeletons
  14 mummies (Ossuary)
  Robin (D:2)
  A howler monkey zombie (Ossuary)
  6 worker ant zombies
  A howler monkey skeleton (D:4)
  7 gnolls (D:7)
  10 adders
  A shadow imp (D:5)
  2 oozes (D:3)
  2 adder skeletons (D:4)
  An adder zombie (Ossuary)
  3 worms
  3 dart slugs (D:1)
  3 leopard geckos
  26 orcs
  A ball python (D:1)
  4 giant cockroaches
  14 goblins
  8 hobgoblins
  8 jackals
  5 quokkas
  5 bats
  5 frilled lizards
  12 kobolds
  A kobold zombie (D:4)
  A leopard gecko zombie (D:5)
  A quokka skeleton (D:5)
  3 quokka zombies
  10 rats
  A rat zombie (D:4)
230 creatures vanquished.

Vanquished Creatures (others)
  A quokka (D:5)
  4 withered plants (Ossuary)
5 creatures vanquished.

Grand Total: 235 creatures vanquished

Notes
Turn   | Place    | Note
-------+----------+-------------------------------------------
     0 | D:1      | ANON1729 the Felid Fighter began the quest for the Orb.
     0 | D:1      | Reached XP level 1. HP: 10/10 MP: 2/2
    95 | D:1      | Reached XP level 2. HP: 14/14 MP: 3/3
   790 | D:1      | Reached XP level 3. HP: 14/17 MP: 4/4
   936 | D:2      | Noticed Robin
   963 | D:2      | Killed Robin
  1498 | D:2      | Reached skill level 1 in Stealth
  1498 | D:2      | Reached XP level 4. HP: 8/21 MP: 5/5
  1780 | D:2      | Reached skill level 5 in Unarmed Combat
  1800 | D:2      | Noticed Sigmund
  2042 | D:2      | Killed Sigmund
  2042 | D:2      | Reached skill level 5 in Dodging
  2042 | D:2      | Reached skill level 6 in Unarmed Combat
  2042 | D:2      | Reached XP level 5. HP: 24/24 MP: 6/6
  2328 | D:2      | Noticed Terence
  2330 | D:2      | Killed Terence
  2330 | D:2      | Gained mutation: You are covered in thick fur. (AC +2) [Felid growth]
  2330 | D:2      | Reached XP level 6. HP: 28/28 MP: 7/7
  3150 | D:3      | Noticed LarsimusPrime's ghost (amateur MiFi)
  3166 | D:3      | Killed LarsimusPrime's ghost
  3513 | D:4      | Found a blossoming altar of Fedhas.
  3522 | D:4      | Reached skill level 7 in Unarmed Combat
  3522 | D:4      | Reached XP level 7. HP: 5/31 MP: 8/8
  3599 | D:4      | Found a sand-covered staircase.
  3609 | D:4      | Reached skill level 5 in Stealth
  3632 | Ossuary  | Entered an ossuary
  3955 | Ossuary  | Noticed letownia's ghost (amateur OpTm)
  3977 | Ossuary  | Killed letownia's ghost
  3977 | Ossuary  | Reached skill level 8 in Unarmed Combat
  4096 | Ossuary  | Reached XP level 8. HP: 33/34 MP: 9/9
  4201 | Ossuary  | Reached skill level 9 in Unarmed Combat
  4691 | D:4      | Reached skill level 1 in Evocations
  4881 | D:5      | Entered Level 5 of the Dungeon
  5154 | D:5      | Found a white marble altar of Elyvilon.
  5155 | D:5      | Noticed FollowTheCloud's ghost (novice MiGl)
  5562 | D:5      | Killed FollowTheCloud's ghost
  5562 | D:5      | Reached skill level 10 in Unarmed Combat
  5846 | D:6      | Reached XP level 9. HP: 39/39 MP: 10/10
  5852 | D:6      | Noticed Blork the orc
  5856 | D:6      | Killed Blork the orc
  6803 | D:7      | Found a staircase to the Ecumenical Temple.
  6965 | D:7      | Found Jabau's Antique Weapon Boutique.
  7258 | Temple   | Entered the Ecumenical Temple
  7762 | D:8      | Reached skill level 5 in Fighting
  8066 | D:8      | Reached XP level 10. HP: 42/45 MP: 11/11
  8189 | D:8      | Found a staircase to the Lair.
  8359 | Lair:1   | Entered Level 1 of the Lair of Beasts
  8359 | Lair:1   | Noticed a spiny frog
  8365 | Lair:1   | Slain by a porcupine
  8366 | Lair:1   | Reached XP level 9. HP: -4/41 MP: 10/10
  8370 | Lair:1   | Noticed a spiny frog
  8382 | Lair:1   | Killed a spiny frog
  8513 | Lair:1   | Reached skill level 11 in Unarmed Combat
  8523 | Lair:1   | Found a labyrinth entrance.
  8524 | Lair:1   | Killed a spiny frog
  8539 | Lab      | Entered a labyrinth
  8739 | Lab      | Gained mutation: You have an increased reservoir of magic. (+10% MP) [potion of mutation]
  8739 | Lab      | Gained mutation: You are partially covered in yellow scales. (AC +2) [potion of mutation]
  8739 | Lab      | Gained mutation: Your muscles are strong. (Str +2) [potion of mutation]
 11364 | Lab      | Noticed a minotaur
 11378 | Lab      | Killed a minotaur
 11378 | Lab      | Reached skill level 10 in Dodging
 11522 | Lair:1   | Noticed a spiny frog
 11546 | Lair:1   | Killed a spiny frog
 11546 | Lair:1   | Reached XP level 10. HP: 30/46 MP: 12/12
 11552 | Lair:1   | Slain by a yak
 11553 | Lair:1   | Reached XP level 9. HP: -1/42 MP: 11/11
 11806 | Lair:1   | Noticed a spiny frog
 11812 | Lair:1   | Reached skill level 10 in Stealth
 11817 | Lair:1   | Noticed a catoblepas
 11818 | Lair:1   | Demolished by a spiny frog

Skill      XL: |  1  2  3  4  5  6  7  8  9 |
---------------+----------------------------+-----
Stealth        | 1 2 4 5 10 | 10.0
Unarmed Combat | 6 7 8 10 11 | 11.4
Dodging        | 5 6 7 10 | 10.4
Evocations     | 1 |  1.0
Fighting       | 4 6 |  6.9

Action                   |  1- 3 |  4- 6 |  7- 9 | 10-12 || total
-------------------------+-------+-------+-------+-------++-------
Melee: Unarmed           |   117 |   125 |   497 |    14 ||   753
       Bite              |     6 |     7 |    58 |     3 ||    74
       Punch             |     5 |     6 |    25 |       ||    36
Evoke: Wand              |       |       |    12 |       ||    12
  Use: Scroll            |       |     6 |     9 |       ||    15
       Potion            |       |     2 |     4 |       ||     6
 Stab: Sleeping          |     2 |    14 |    15 |       ||    31
       Paralysed         |       |       |     2 |       ||     2
       Distracted        |       |       |     1 |       ||     1
  Eat: Chunk             |     8 |     4 |    21 |     1 ||    34
       Royal jelly       |       |       |     1 |       ||     1
Armor: Skin              |     1 |     3 |    10 |       ||    14
Dodge: Dodged            |    88 |    64 |   305 |     7 ||   464
